 Dungeon Crawl Stone Soup version 0.21-a0-29-g43b3074 (webtiles) character file.

33 grindst0ne the Skirmisher (level 3, -9/30 HPs)
             Began as a Formicid Fighter on May 26, 2017.
             Killed by nerve-wracking pain
             ... invoked by Jessica
              (12 damage)
             ... on level 2 of the Dungeon.
             The game lasted 00:02:04 (1273 turns).

grindst0ne the Skirmisher (Formicid Fighter)        Turns: 1273, Time: 00:02:05

Health: -9/30      AC:  6    Str: 20    XL:     3   Next: 47%
Magic:  3/3        EV:  7    Int:  7    God:
Gold:   54         SH:  9    Dex: 11    Spells: 2/2 levels left

rFire    . . .     SeeInvis +   a - +0 war axe
rCold    . . .     Gourm    .   c - +0 shield
rNeg     . . .     Faith    .   b - +0 scale mail
rPois    .         Spirit   .   (helmet unavailable)
rElec    .         Reflect  .   (no cloak)
rCorr    .         Harm     .   (no gloves)
MR       .....                  (no boots)
Stlth    ..........             (no amulet)
Regen    0.1/turn               (no ring)
MPRegen  0.1/turn               (no ring)

@: no status effects
A: permanent stasis, dig shafts and tunnels, four strong arms, antennae 3
a: Dig, Shaft Self


You were on level 2 of the Dungeon.
You were not hungry.

You visited 1 branch of the dungeon, and saw 2 of its levels.

You collected 54 gold pieces.

Inventory:

Hand Weapons
 a - a +0 war axe (weapon)
Armour
 b - a +0 scale mail (worn)
 c - a +0 shield (worn)
Scrolls
 e - a scroll of magic mapping {unknown}
 h - a scroll of remove curse {unknown}
 i - 3 scrolls of identify {unknown}
Potions
 d - a potion of might
 j - a potion of haste {unknown}
Comestibles
 f - 2 bread rations
 g - a chunk of flesh


   Skills:
 + Level 4.0 Fighting
 + Level 2.9 Axes
 - Level 3.2 Armour
 - Level 3.6 Shields


You had 2 spell levels left.
You didn't know any spells.

Dungeon Overview and Level Annotations

Branches:
Dungeon (2/15)

Altars:

Annotations:
D:2 Jessica


Innate Abilities, Weirdness & Mutations

You cannot be hasted, slowed, berserked, paralysed or teleported.
You can dig through walls and to a lower floor.
Your four strong arms can wield two-handed weapons with a shield.
You have a pair of large antennae on your head. (SInv)


Message History

Jessica points at you and mumbles some strange words.
Pain shoots through your body!
Things that are here:
a dagger; 14 stones; a kobold corpse You hit Jessica but do no damage.
Jessica hits you but does no damage.
You slash Jessica!
Jessica is severely wounded.
Jessica points at you and mumbles some strange words.
Pain shoots through your body! You block Jessica's attack.
You hit Jessica.
Jessica is almost dead.
Jessica points at you and mumbles some strange words.
Pain shoots through your body!
* * * LOW HITPOINT WARNING * * *
You closely miss Jessica.
Jessica is almost dead.
Jessica hits you but does no damage. Jessica gestures at you while chanting.
Pain shoots through your body!
You die...

...............#...##...#
......................#.#
.@K.....................####
#.......................
#..........##.#.........
#.............##........
#............###........
##...)....(.@<...(......
##.........@...........
##...#######..........
##......#####..........
##..#....#.....###......
#..##......##### #.....
#####.###....##########.....
#...................... ....
#.......#.....######### .##.
#............##


You could see Jessica.

Vanquished Creatures
  2 worms (D:2)
  A leopard gecko (D:2)
  A giant cockroach (D:1)
  3 goblins
  2 hobgoblins (D:1)
  3 jackals (D:1)
  A quokka (D:2)
  2 bats (D:1)
  3 frilled lizards (D:1)
  4 kobolds
  6 rats (D:1)
28 creatures vanquished.

Notes
Turn   | Place    | Note
-------+----------+-------------------------------------------
     0 | D:1      | grindst0ne the Formicid Fighter began the quest for the Orb.
     0 | D:1      | Reached XP level 1. HP: 18/18 MP: 1/1
   247 | D:1      | Reached XP level 2. HP: 12/24 MP: 2/2
   940 | D:2      | Reached XP level 3. HP: 30/30 MP: 3/3
   961 | D:2      | Reached skill level 4 in Fighting
  1126 | D:2      | Noticed Jessica
  1273 | D:2      | Killed from afar by Jessica

Vault maps used:
D:1:      dpeg_arrival_snail
D:2:      uniq_natasha, uniq_sigmund, uniq_jessica

Skill      XL: |  1  2  3 |
---------------+----------+-----
Fighting       | 4 |  4.0
Axes           | |  2.9
Armour         | |  3.2
Shields        | |  3.6

Action                   || total
-------------------------++-------
Melee: War axe           ||   102
  Eat: Chunk             ||     1
Armor: Scale mail        ||    55
Dodge: Dodged            ||    32
Block: Shield            ||    62
